 Dungeon Crawl Stone Soup version 0.32-a0-516-g94ed278cf8 (webtiles) character file.

Game seed: 3181478147146022695

2305 leij the Cleaver (level 9, 0/69 HPs)
             Began as a Coglin Berserker on Feb 27, 2024.
             Was a High Priest of Trog.
             Slain by a gnoll sergeant
             ... wielding a +0 spear
              (11 damage)
             ... on level 8 of the Dungeon.
             The game lasted 00:16:08 (6292 turns).

leij the Cleaver (Coglin Berserker)                 Turns: 6292, Time: 00:16:10

Health: 0/69       AC: 11    Str: 22    XL:     9   Next: 41%
Magic:  9/9        EV: 10    Int:  6    God:    Trog [*****.]
Gold:   377        SH:  0    Dex: 14    Spells: 8/8 levels left

rFire   . . .        w - +0 war axe {Sosibius}
rCold   . . .        C - +0 war axe {Kamaljyot}
rNeg    . . .        m - +0 chain mail
rPois   .            (no helmet)
rElec   .            (no cloak)
rCorr   .            v - +0 pair of gloves
SInv    .            (no boots)
Will    ++...        e - amulet of faith Stlth
                     (ring unavailable)
HPRegen 1.31/turn    (ring unavailable)
MPRegen 0.11/turn

%: faith
@: strong-willed, on berserk cooldown, regenerating, slowed, revved, very slow
A: off-hand wielding, slow wielding, warmup strikes, no rings
a: Renounce Religion, Berserk, Trog's Hand, Brothers in Arms


You were on level 8 of the Dungeon.
You worshipped Trog.
Trog was extremely pleased with you.
You visited 1 branch of the dungeon, and saw 8 of its levels.
You also visited: Sewer.

You collected 377 gold pieces.

Inventory:

Hand Weapons
 w - a +0 war axe (weapon) {Sosibius}
 C - a +0 war axe (offhand) {Kamaljyot}
Missiles
 i - 3 throwing nets (quivered)
Armour
 m - a +0 chain mail (worn)
 v - a +0 pair of gloves (worn)
Jewellery
 e - an amulet of faith (around neck)
 l - an amulet of the acrobat
 s - an amulet of magic regeneration
Wands
 o - a wand of mindburst (16)
 p - a wand of charming (14)
Scrolls
 a - a scroll of blinking {unknown}
 b - 2 scrolls of torment
 d - 2 scrolls of summoning
 g - a scroll of vulnerability {unknown}
 h - a scroll of immolation
 k - 2 scrolls of poison
 y - a scroll of fear {unknown}
 z - a scroll of enchant weapon {unknown}
 B - a scroll of fog {unknown}
 D - a scroll of revelation {unknown}
 F - a scroll of brand weapon {unknown}
Potions
 c - a potion of lignification
 f - 2 potions of invisibility
 j - 6 potions of heal wounds
 n - 3 potions of resistance {unknown}
 q - 2 potions of enlightenment {unknown}
 r - 4 potions of might {unknown}
 t - 4 potions of curing {unknown}
 u - 3 potions of degeneration {unknown}
 x - a potion of mutation {unknown}
 A - 2 potions of brilliance {unknown}
 E - a potion of cancellation {unknown}


   Skills:
 + Level 6.1 Fighting
 + Level 9.3 Axes
 + Level 5.1 Armour
 + Level 3.6 Dodging
 + Level 1.3 Stealth


You had 8 spell levels left.
You didn't know any spells.
Your spell library contained the following spells:

 Spells                   Type           Power      Damage    Failure   Level
 Jinxbite                 Hex            0%         N/A       99%         2
 Manifold Assault         Tloc           0%         N/A       100%        4
 Yara's Violent Unravell  Hex/Alch       0%         3d3       100%        5
 Dispersal                Tloc           0%         N/A       100%        6
 Enfeeble                 Hex            0%         N/A       100%        7
 Disjunction              Tloc           0%         N/A       100%        8


Dungeon Overview and Level Annotations

Branches:
Dungeon (8/15)             Temple (0/1) D:4           Sewer (visited)
   Lair: D:8-11

Altars:
Cheibriados
Kikubaaqudgha
Makhleb
Okawaru
Ru
The Shining One

Shops:
D:4 :


Innate Abilities, Weirdness & Mutations

You can wield a second weapon in your off-hand.
It takes a long time for you to wield or remove held weapons.
Your first few attacks do less damage.
Your grasper-arms cannot wear rings.


Message History

The bolt of electricity hits you!
* * * LOW HITPOINT WARNING * * *
You rip the net and break free!
You feel a strong urge to attack something.
The gnoll sergeant hits you with a +0 spear!
* * * LOW HITPOINT WARNING * * *
You feel your anger nearly subside.
You are no longer berserk.
You are exhausted.
You feel yourself slow down.
The gnoll sergeant hits you from afar with a +0 spear.
* * * LOW HITPOINT WARNING * * *
The gnoll sergeant attacks as it pursues you!
The gnoll sergeant closely misses you.
The gnoll sergeant hits you but does no damage.
The gnoll sergeant hits you from afar with a +0 spear.
* * * LOW HITPOINT WARNING * * *
The gnoll sergeant attacks as it pursues you!
The gnoll sergeant hits you from afar with a +0 spear.
* * * LOW HITPOINT WARNING * * *
You are too injured to fight recklessly!
You are too injured to fight recklessly!
You hit the gnoll with your +0 war axe.
The gnoll is moderately wounded.
You barely miss the gnoll with your +0 war axe.
The gnoll sergeant hits you from afar with a +0 spear.
* * * LOW HITPOINT WARNING * * *
The gnoll hits you with a +0 flail.
* * * LOW HITPOINT WARNING * * *
The gnoll sergeant closely misses you.
You closely miss the gnoll with your +0 war axe.
The gnoll is moderately wounded.
You hit the gnoll with your +0 war axe. The gnoll completely misses you.
The gnoll sergeant closely misses you. The gnoll closely misses you.
You hit the gnoll with your +0 war axe.
The gnoll is severely wounded.
You slash the gnoll with your +0 war axe!
You kill the gnoll!
Trog accepts your kill.
The gnoll sergeant hits you from afar with a +0 spear!
You die...

## ..... ...#
#..... ... .....
.. ..... .# .
###..####.##
..#..........#
.........<..###
.........)@...##
...............#
.........g.....#.
..................
........##........
..................
≈≈≈≈≈≈≈≈≈≈≈.......
≈.......g≈≈.......
.....##...≈≈≈≈....


You could see a gnoll sergeant.

Vanquished Creatures
  Pikel (D:6)
  A steam dragon (D:6)
  A water moccasin (D:6)
  An orc warrior (D:7)
  2 ice beasts
  A crocodile (Sewer)
  A centaur (D:6)
  2 lemures (D:6)
  A gnoll sergeant (D:6)
  2 scorpions
  3 killer bees (D:7)
  4 bombardier beetles
  5 hounds
  A jelly (D:7)
  3 iguanas (D:5)
  A sleepcap (D:6)
  2 orc wizards
  16 gnolls
  5 adders
  2 white imps (D:5)
  4 ufetubi
  2 dart slugs (D:2)
  A ribbon worm (D:5)
  22 orcs
  7 endoplasms
  5 giant cockroaches
  9 goblins
  13 hobgoblins
  2 jackals (Sewer)
  12 quokkas
  6 ball pythons
  9 bats
  4 frilled lizards
  16 kobolds
  5 rats
172 creatures vanquished.

Notes
Turn   | Place    | Note
-------+----------+-------------------------------------------
     0 | D:1      | leij the Coglin Berserker began the quest for the Orb.
     0 | D:1      | Reached XP level 1. HP: 18/18 MP: 1/1
   113 | D:1      | Reached XP level 2. HP: 24/24 MP: 2/2
   612 | D:2      | Reached XP level 3. HP: 25/29 MP: 3/3
   871 | D:2      | Reached ** piety under Trog
   879 | D:2      | Reached XP level 4. HP: 32/35 MP: 4/4
  1220 | D:2      | Reached skill level 4 in Axes
  1655 | D:3      | Reached XP level 5. HP: 42/42 MP: 5/5
  1801 | D:3      | Reached *** piety under Trog
  1802 | D:3      | Reached XP level 6. HP: 38/48 MP: 6/6
  2150 | D:4      | Found a staircase to the Ecumenical Temple.
  2287 | D:4      | Reached skill level 5 in Axes
  2377 | D:4      | Found a burning altar of Makhleb.
  2378 | D:4      | Found a snail-covered altar of Cheibriados.
  2554 | D:4      | Found Cacwi Alops's Self-Improvement Boutique.
  2746 | D:5      | Entered Level 5 of the Dungeon
  2974 | D:5      | Reached XP level 7. HP: 54/54 MP: 7/7
  2978 | D:5      | Reached **** piety under Trog
  3116 | D:5      | Reached skill level 6 in Axes
  3691 | D:5      | Reached ***** piety under Trog
  4088 | D:6      | Noticed Pikel
  4105 | D:6      | Killed Pikel
  4106 | D:6      | Reached skill level 5 in Fighting
  4106 | D:6      | Reached skill level 7 in Axes
  4106 | D:6      | Reached XP level 8. HP: 9/62 MP: 8/8
  4182 | D:6      | Found a glowing golden altar of the Shining One.
  4191 | D:6      | Found an ancient bone altar of Kikubaaqudgha.
  4254 | D:6      | Found a glowing drain.
  4262 | Sewer    | Entered a sewer
  4341 | Sewer    | Reached skill level 8 in Axes
  4833 | D:6      | Reached XP level 9. HP: 69/69 MP: 9/9
  4869 | D:6      | Reached skill level 5 in Armour
  5021 | D:6      | Found a sacrificial altar of Ru.
  5333 | D:6      | Found an iron altar of Okawaru.
  5647 | D:7      | Reached skill level 9 in Axes
  6018 | D:7      | Reached skill level 1 in Stealth
  6292 | D:8      | Slain by a gnoll sergeant

Illustrated notes

Levels and vault maps discovered:
D:1:      eino_arrival_water_cross, layout_rooms
D:2:      layout_loops_corners
D:3:      layout_basic
D:4:      layout_basic, gammafunk_temple_overflow_pools,
          minmay_temple_entry_offerings, nicolae_shop_self_help
D:5:      corexii_shantytown, layout_basic
D:6:      layout_loops_corners, mainiacjoe_overflow_large_starburst,
          hangedman_ru_absence, lemuel_coloured_pillars_altar,
          gup_sewer_entry_pipe, uniq_pikel
D:7:      layout_loops_ring
D:8:      layout_cave_pools, lemuel_doored_altar, serial_gnoll_camp,
          gnoll_camp_huts_moat, grums_kennel, gnoll_camp_mini_doghouse,
          gnoll_camp_medium_02, kennysheep_generic_room_2

Skill      XL: |  1  2  3  4  5  6  7  8  9 |
---------------+----------------------------+-----
Armour         | 2 3 4 5 |  5.1
Dodging        | 2 3 |  3.6
Axes           | 4 5 7 8 9 |  9.3
Fighting       | 4 5 6 |  6.1
Stealth        | 1 |  1.3

Action                     |  1- 3 |  4- 6 |  7- 9 || total
---------------------------+-------+-------+-------++-------
  Melee: Hand axe          |    74 |   242 |   105 ||   421
         Whip              |     3 |       |       ||     3
         War axe           |       |    10 |   217 ||   227
 Invoke: Berserk           |     1 |       |     3 ||     4
         Trog's Hand       |       |       |     3 ||     3
    Use: Scroll            |     4 |     4 |       ||     8
 Armour: Animal skin       |     4 |       |       ||     4
         Ring mail         |    17 |    37 |       ||    54
         Leather armour    |     4 |       |       ||     4
         Scale mail        |       |    16 |       ||    16
         Chain mail        |       |    13 |   166 ||   179
  Dodge: Dodged            |    24 |    66 |    85 ||   175
         Repelled          |       |     1 |     1 ||     2

Table legend: (Time is in decaauts)
 A = Elapsed time spent in this place.
 B = Non-inter-level travel time spent in this place.
 C = Inter-level travel time spent in this place.
 D = Time resting spent in this place.
 E = Time spent auto-exploring this place.
 F = Levels seen in this place.
 G = Mean time per level.
                   A        B        C        D        E       F      G
               +--------+--------+--------+--------+--------+-----+--------+
         Total |   6362 |   6022 |    340 |    353 |   4600 |   9 |  706.9 |
       Dungeon |   6152 |   5812 |    340 |    353 |   4476 |   8 |  769.0 |
         Sewer |    210 |    210 |      0 |      0 |    123 |   1 |  210.0 |
               +--------+--------+--------+--------+--------+-----+--------+

Top non-repeatable levels by time:
     D:6: 1417 daAuts
     D:5: 1253 daAuts
     D:2: 1103 daAuts
     D:7: 697 daAuts
     D:4: 627 daAuts
     D:3: 566 daAuts
     D:1: 467 daAuts
   Sewer: 210 daAuts
     D:8: 18 daAuts
